 Dungeon Crawl Stone Soup version 0.21.1-1-g345015fe64 (webtiles) character file.

693 LevaFresel the Quickloader (level 7, 0/44 HPs)
             Began as a Kobold Hunter on June 5, 2018.
             Slain by an ogre
             ... wielding a +0 giant club
              (15 damage)
             ... on level 4 of the Dungeon.
             The game lasted 00:19:34 (3810 turns).

LevaFresel the Quickloader (Kobold Hunter)          Turns: 3810, Time: 00:19:35

Health: 0/44       AC:  7    Str: 12    XL:     7   Next: 96%
Magic:  7/7        EV: 13    Int: 12    God:
Gold:   165        SH:  0    Dex: 15    Spells: 6/6 levels left

rFire    . . .     SeeInvis .   a - +1 hand crossbow
rCold    . . .     Gourm    .   (shield restricted)
rNeg     . . .     Faith    .   k - +1 scale mail
rPois    .         Spirit   .   (no helmet)
rElec    .         Reflect  .   (no cloak)
rCorr    .         Harm     .   (no gloves)
MR       .....                  (no boots)
Stlth    ..........             (no amulet)
HPRegen  0.14/turn              (no ring)
MPRegen  0.10/turn              (no ring)

@: no status effects
A: small, carnivore
a: no special abilities


You were on level 4 of the Dungeon.
You were not hungry.

You visited 1 branch of the dungeon, and saw 5 of its levels.

You collected 165 gold pieces.

Inventory:

Hand Weapons
 a - a +1 hand crossbow (weapon)
 b - a +3 mace
 j - a +0 short sword
Missiles
 d - 23 bolts (quivered)
Armour
 k - a +1 scale mail (worn)
 r - a +0 pair of gloves
Jewellery
 h - an uncursed ring of stealth {unknown}
 l - an uncursed ring of protection from cold {unknown}
Scrolls
 c - a scroll of magic mapping {unknown}
 g - 2 scrolls of amnesia
 m - 3 scrolls of identify {unknown}
 n - a scroll of enchant armour
 p - a scroll of remove curse {unknown}
 s - a scroll of fog {unknown}
 t - a scroll of random uselessness {unknown}
Potions
 e - 2 potions of heal wounds {unknown}
 i - a potion of berserk rage {unknown}
 o - a potion of flight {unknown}
 q - 2 potions of magic {unknown}
 u - 2 potions of agility {unknown}
 v - a potion of curing {unknown}
Comestibles
 f - 6 rations


   Skills:
 + Level 4.9 Fighting
 * Level 8.4 Crossbows
 + Level 5.3 Dodging
 - Level 1.3 Stealth


You had 6 spell levels left.
You didn't know any spells.

Dungeon Overview and Level Annotations

Branches:
Dungeon (5/15)
 Temple: D:4-7

Altars:
Ashenzari
Uskayaw
Xom
Zin

Annotations:
D:4 Ivernyr's ghost, novice HuSk


Innate Abilities, Weirdness & Mutations

You are small and have problems with some larger weapons.
You are carnivorous and can eat meat at any time.


Message History

Press: ? - help, Shift-Dir - straight line, f - ogre
Aim: an ogre, wielding a giant club (lightly wounded)
You shoot a bolt. The bolt hits the ogre.
The ogre is moderately wounded.
The adder skeleton barely misses you. The ogre closely misses you.
The adder skeleton bites you but does no damage.
Firing (i - inventory):
d - 25 bolts (quivered)
Press: ? - help, Shift-Dir - straight line, f/p - ogre
Aim: an ogre, wielding a giant club (moderately wounded)
You shoot a bolt. The bolt hits the ogre.
The ogre is heavily wounded.
The worker ant waves its antennae.
The adder skeleton closely misses you.
Firing (i - inventory):
d - 24 bolts (quivered)
Press: ? - help, Shift-Dir - straight line, f/p - ogre
Aim: an ogre, wielding a giant club (heavily wounded)
You shoot a bolt. The bolt hits the ogre!
The ogre is almost dead.
The ogre hits you with a giant club!
You die...

#.!......# #.#...<.##
#.(.#<#.#
###.#...#######
..###...#.......#
#................#
#.#########......#
..#.##########.....#####
......Z@Oosa.W.....?....
#.#.##########..........
#..##.?.... #...#......
#.#.#...(.. #s#a#......
#.......... ###........
##......[


You could see an ogre, a worker ant, Ivernyr's ghost, an orc, a giant cockroach
and an adder skeleton.

Vanquished Creatures
  The ghost of Rosaphim the Skirmisher, an amateur OgBe of Trog (D:3)
  A phantom (D:5)
  An ogre (D:5)
  A centaur (D:5)
  2 crimson imps (D:5)
  An orc priest (D:4)
  Terence (D:2)
  Natasha (D:3)
  A worker ant (D:4)
  A worker ant zombie (D:5)
  A howler monkey zombie (D:5)
  7 adders
  A shadow imp (D:5)
  2 dart slugs (D:1)
  4 leopard geckos
  7 orcs
  A ball python (D:3)
  4 giant cockroaches
  3 hobgoblins (D:1)
  14 jackals
  A quokka (D:3)
  9 bats
  2 frilled lizards
  4 goblins
  5 kobolds
  A quokka skeleton (D:5)
  A rat (D:1)
78 creatures vanquished.

Notes
Turn   | Place    | Note
-------+----------+-------------------------------------------
     0 | D:1      | LevaFresel the Kobold Hunter began the quest for the Orb.
     0 | D:1      | Reached XP level 1. HP: 12/12 MP: 1/1
    63 | D:1      | Reached skill level 5 in Crossbows
    68 | D:1      | Reached XP level 2. HP: 18/18 MP: 2/2
   183 | D:1      | Reached XP level 3. HP: 22/22 MP: 3/3
   525 | D:2      | Noticed Terence
   533 | D:2      | Killed Terence
   533 | D:2      | Reached XP level 4. HP: 17/28 MP: 4/4
   725 | D:2      | Reached skill level 6 in Crossbows
  1188 | D:2      | Reached XP level 5. HP: 32/32 MP: 5/5
  1485 | D:3      | Found a faded altar of an unknown god.
  1545 | D:3      | Found a hide-covered altar of Uskayaw.
  1572 | D:3      | Noticed Natasha
  1581 | D:3      | Killed Natasha
  1731 | D:3      | Found a shimmering altar of Xom.
  1905 | D:3      | Found a glowing silver altar of Zin.
  2019 | D:3      | Noticed Rosaphim's ghost (amateur OgBe)
  2051 | D:3      | Killed Rosaphim's ghost
  2051 | D:3      | Reached skill level 7 in Crossbows
  2051 | D:3      | Reached XP level 6. HP: 13/38 MP: 6/6
  2637 | D:5      | Entered Level 5 of the Dungeon
  2939 | D:4      | Reached XP level 7. HP: 31/43 MP: 7/7
  3153 | D:5      | Reached skill level 8 in Crossbows
  3153 | D:5      | Reached skill level 5 in Dodging
  3300 | D:5      | Found a shattered altar of Ashenzari.
  3772 | D:4      | Noticed Ivernyr's ghost (novice HuSk)
  3810 | D:4      | Slain by an ogre

Skill      XL: |  1  2  3  4  5  6  7 |
---------------+----------------------+-----
Crossbows      | 5 6 7 8 |  8.4
Dodging        | 3 4 5 |  5.3
Fighting       | 3 4 |  4.9
Stealth        | |  1.3

Action                   |  1- 3 |  4- 6 |  7- 9 || total
-------------------------+-------+-------+-------++-------
Melee: Short sword       |     4 |     9 |       ||    13
       Mace              |       |    11 |     2 ||    13
 Fire: Hand crossbow     |    52 |   136 |    37 ||   225
  Use: Scroll            |       |     2 |       ||     2
  Eat: Ration            |       |     2 |       ||     2
       Chunk             |       |     8 |       ||     8
Armor: Leather armour    |     4 |     7 |       ||    11
       Scale mail        |       |    25 |    12 ||    37
Dodge: Dodged            |    12 |    75 |    30 ||   117
